 Dungeon Crawl Stone Soup version 0.30.0-15-g856e2d3f33 (webtiles) character file.

Game seed: 7766940394076334924

46 qw the Chopper (level 3, -1/23 HPs)
             Began as a Gargoyle Cinder Acolyte on May 18, 2023.
             Was a High Priest of Ignis.
             Slain by a gnoll
             ... wielding a +0 whip
              (5 damage)
             ... on level 2 of the Dungeon.
             The game lasted 00:00:36 (928 turns).

qw the Chopper (Gargoyle Cinder Acolyte)             Turns: 928, Time: 00:00:36

Health: -1/23      AC: 13    Str: 17 (19) XL:     3   Next: 68%
Magic:  4/4        EV: 11    Int: 12 (14) God:    Ignis [*****.]
Gold:   114        SH:  0    Dex:  2 (5)  Spells: 4/4 levels left

rFire   + . .        Y - -1 hand axe (flame)
rCold   . . .        (no shield)
rNeg    + . .        b - +0 robe
rPois   inf          (no helmet)
rElec   +            (no cloak)
rCorr   .            (no gloves)
SInv    .            h - +0 pair of boots
Will    .....        (no amulet)
Stlth   +            (no ring)
HPRegen 0.23/turn    (no ring)
MPRegen 0.09/turn

%: no passive effects
@: fiery-armoured
A: sickness immunity, AC +3, negative energy resistance 1, electricity
resistance, torment resistance 1, petrification resistance
a: Renounce Religion, Fiery Armour, Foxfire Swarm, Rising Flame


You were on level 2 of the Dungeon.
You worshipped Ignis.
Ignis was extremely pleased with you.
You visited 1 branch of the dungeon, and saw 2 of its levels.

You collected 114 gold pieces.


Innate Abilities, Weirdness & Mutations

You are immune to sickness and miasma.
Your stone body is resilient. (AC +3)
You are immune to poison.
You resist negative energy. (rN+)
You are resistant to electric shocks. (rElec)
You are resistant to unholy torment.
You are immune to petrification.


   Skills:
 - Level 3.2 Fighting
 + Level 4.1 Axes
 - Level 1.0 Spellcasting
 - Level 3.0 Fire Magic


You had 4 spell levels left.
You didn't know any spells.
Your spell library contained the following spells:

 Spells                   Type           Power      Damage    Failure   Level
 Scorch                   Fire           14%        2d6       13%         2

Inventory:

Hand Weapons
 Y - a -1 hand axe of flaming (weapon)
Armour
 a - a +0 helmet
 b - a +0 robe (worn)
 h - a +0 pair of boots (worn)
Potions
 g - a potion of heal wounds {unknown}

Dungeon Overview and Level Annotations

Branches:
Dungeon (2/15)

Altars:


Message History

The quokka barely misses you.
The gnoll hits you from afar with a +0 spear.
The quokka bites you.
You barely miss the quokka.
The quokka is moderately wounded.
The quokka bites you. The gnoll barely misses you.
You closely miss the quokka.
The quokka is moderately wounded.
You hit the hobgoblin. You burn the hobgoblin.
You kill the hobgoblin!
The quokka barely misses you. The gnoll hits you but does no damage.
You hit the quokka. You burn the quokka.
You kill the quokka!
The gnoll hits you from afar with a +0 spear.
Your Axes skill increases to level 4!
A gnoll comes into view. It is wielding a +0 whip.
The gnoll shouts!
The gnoll hits you but does no damage.
A worm comes into view.
The gnoll moves out of view.
922 ||| INVOKING Fiery Armour.
A protective cloak of flame settles atop you.
The gnoll misses you.
You hit the gnoll. You burn the gnoll.
The gnoll is heavily wounded.
A giant cockroach comes into view.
The gnoll hits you with a +0 spear!
The gnoll is burned by your cloak of flames.
The gnoll is severely wounded.
You hit the gnoll. You burn the gnoll.
The gnoll is almost dead.
The gnoll hits you with a +0 spear.
The gnoll is burned by your cloak of flames.
You kill the gnoll!
A frilled lizard comes into view.
926 ||| Stepping ~*~*~tactically~*~*~ (stealth).
You closely miss the gnoll.
You feel your willpower return. The gnoll hits you with a +0 whip.
You die...

..l# ..# .w# ...
####B### ###
#......# .
..####B##)#.#.... #
#......@g........
#.##..##.......##...
.........#.##.#
##.[##.......#
#..<.....##.#
......###.#### #
##### #... #####


You could see a gnoll and a giant cockroach.

Vanquished Creatures
  A gnoll (D:2)
  A dart slug (D:1)
  2 ball pythons (D:1)
  3 bats (D:1)
  2 endoplasms (D:1)
  A giant cockroach (D:1)
  2 goblins (D:1)
  5 hobgoblins
  5 quokkas
  3 frilled lizards (D:1)
  4 kobolds (D:1)
  2 rats (D:1)
31 creatures vanquished.

Notes
Turn   | Place    | Note
-------+----------+-------------------------------------------
     0 | D:1      | qw the Gargoyle Cinder Acolyte began the quest for the Orb.
     0 | D:1      | Reached XP level 1. HP: 14/14 MP: 2/2
     0 | D:1      | 0 ||| qw: Version: 0.2-a-95-gc95f03d
     0 | D:1      | 0 ||| qw: Game counter: 7
     0 | D:1      | 0 ||| qw: Always use a shield: true
     0 | D:1      | 0 ||| qw: God list: Okawaru
     0 | D:1      | 0 ||| qw: Allow faded altars: false
     0 | D:1      | 0 ||| qw: Do Orc after D:15 true
     0 | D:1      | 0 ||| qw: Do second Lair branch before Depths: true
     0 | D:1      | 0 ||| qw: Lair rune preference: random
     0 | D:1      | 0 ||| qw: Plans: Normal
     0 | D:1      | 0 ||| PLANNING D:1-11
    71 | D:1      | 71 ||| INVOKING Fiery Armour.
   113 | D:1      | Reached skill level 3 in Axes
   131 | D:1      | Reached XP level 2. HP: 19/19 MP: 3/3
   311 | D:1      | 311 ||| Stepping ~*~*~tactically~*~*~ (hiding).
   313 | D:1      | 313 ||| Stepping ~*~*~tactically~*~*~ (hiding).
   325 | D:1      | 325 ||| Stepping ~*~*~tactically~*~*~ (stealth).
   360 | D:1      | 360 ||| Stepping ~*~*~tactically~*~*~ (stealth).
   595 | D:1      | Reached XP level 3. HP: 22/23 MP: 4/4
   673 | D:1      | 673 ||| Stepping ~*~*~tactically~*~*~ (stealth).
   880 | D:1      | 880 ||| UPGRADING to +0 pair of boots.
   885 | D:1      | 885 ||| READING scroll labelled ETUGOA WAQI.
   886 | D:1      | 886 ||| READING scroll labelled DALUX DIMMUFF.
   887 | D:1      | 887 ||| READING scroll labelled COURIH TETE.
   888 | D:1      | 888 ||| READING scroll labelled TYIROCLE ZARA.
   889 | D:1      | 889 ||| DRINKING 3 lumpy inky potions.
   890 | D:1      | 890 ||| DROPPING 2 potions of degeneration.
   912 | D:2      | 912 ||| Stepping ~*~*~tactically~*~*~ (hiding).
   913 | D:2      | 913 ||| Stepping ~*~*~tactically~*~*~ (hiding).
   921 | D:2      | Reached skill level 4 in Axes
   922 | D:2      | 922 ||| INVOKING Fiery Armour.
   924 | D:2      | HP: 3/23 [gnoll/+0 spear (3)]
   926 | D:2      | 926 ||| Stepping ~*~*~tactically~*~*~ (stealth).
   928 | D:2      | Slain by a gnoll

Levels and vault maps discovered:
D:1:      scummos_arrival_simple_crosswalls, layout_loops_ring,
          minmay_box_of_dots
D:2:      layout_loops_cross, uniq_crazy_yiuf_cottage, uniq_terence

Skill      XL: |  1  2  3 |
---------------+----------+-----
Axes           | 3 4 |  4.1
Fighting       | |  3.2
Spellcasting   | |  1.0
Fire Magic     | |  3.0

Action                     || total
---------------------------++-------
  Melee: Hand axe          ||   107
 Invoke: Fiery Armour      ||     2
    Use: Scroll            ||     4
         Potion            ||     1
 Armour: Robe              ||    34
  Dodge: Dodged            ||    64

Table legend:
 A = Non-vault XP
 B = Vault XP
 C = Vault XP percentage of total XP
 D = Non-vault monster count
 E = Vault monster count
 F = Vault count percentage of total count
                 A         B        C        D         E       F
            +---------+---------+-------+---------+---------+-------
      Total |      59 |       8 |  11.9 |      26 |       5 |  16.1
            +---------+---------+-------+---------+---------+-------
        D:1 |      40 |       8 |  16.7 |      23 |       5 |  17.9
        D:2 |      19 |       0 |   0.0 |       3 |       0 |   0.0
            +---------+---------+-------+---------+---------+-------
